 Dungeon Crawl Stone Soup version 0.20.1-1-g8b1a95d (webtiles) character file.

26432 Jannitor the Grappler (level 12, -11/119 HPs)
             Began as a Troll Chaos Knight on Aug 29, 2017.
             Splashed by an oklob plant's acid (15 damage)
             ... on level 4 of the Lair of Beasts.
             The game lasted 00:28:33 (13738 turns).

Jannitor the Grappler (Troll Chaos Knight)         Turns: 13738, Time: 00:28:33

Health: -11/119    AC: -4    Str: 23    XL:     12   Next: 98%
Magic:  11/11      EV: 14    Int:  8    God:    Xom [.*....]
Gold:   2545       SH: 15    Dex: 17    Spells: 10/11 levels left

rFire    . . .     SeeInvis +     - Unarmed
rCold    . . .     Gourm    +   j - +0 shield
rNeg     . . .     Faith    .   U - +0 troll leather armour
rPois    .         Spirit   .   o - +1 hat
rElec    .         Reflect  +   (no cloak)
rCorr    .         Harm     .   (gloves unavailable)
MR       +++..     Rnd*Rage +   (boots unavailable)
Stlth    +.........             n - +3 amulet of reflection
Regen    1.1/turn               h - ring of see invisible
MPRegen  0.2/turn               R - +4 ring of dexterity

@: corroded
A: unfitting armour, claws 3, fangs 1, talons 1, iridescent scales 1, berserk 1,
deformed body, fast metabolism 3, gourmand, magic resistance 3, regeneration 1,
shaggy fur 1, tough skin 2
a: Renounce Religion


You were on level 4 of the Lair of Beasts.
You worshipped Xom.
You were a plaything of Xom.
You were very full.

You visited 2 branches of the dungeon, and saw 15 of its levels.
You also visited: Ossuary.

You collected 2545 gold pieces.

Inventory:

Hand Weapons
 i - a +3 scimitar of flaming
Missiles
 t - 4 javelins
 P - 4 large rocks (quivered)
Armour
 a - a +2 robe
 j - a +0 shield (worn)
 o - a +1 hat (worn)
 U - a +0 troll leather armour (worn)
Jewellery
 h - a ring of see invisible (left claw)
 n - a +3 amulet of reflection (around neck)
 y - an uncursed amulet of guardian spirit {unknown}
 R - a +4 ring of dexterity (right claw)
 S - an uncursed amulet of rage {unknown}
 T - an uncursed ring of fire {unknown}
Wands
 q - a wand of disintegration (5/24)
 x - a wand of confusion (16/48)
 A - a wand of paralysis (18/24)
 F - a wand of iceblast (5/15)
 K - a wand of disintegration (20/24)
 M - a wand of disintegration (8/24)
 O - a wand of disintegration (11/24)
 Q - a wand of clouds (2/9)
Scrolls
 c - a scroll of noise
 e - 3 scrolls of recharging
 f - 9 scrolls of remove curse
 l - 11 scrolls of identify
 m - 3 scrolls of fog
 v - a scroll of fear
 w - 3 scrolls of teleportation
 C - 4 scrolls of amnesia {unknown}
 I - 3 scrolls of magic mapping
 L - a scroll of brand weapon {unknown}
 W - a scroll of random uselessness {unknown}
Potions
 p - 2 potions of invisibility
 r - 6 potions of curing
 s - 5 potions of flight
 u - a potion of mutation
 z - 7 potions of agility
 B - 2 potions of cancellation
 D - a potion of resistance
 E - 2 potions of berserk rage
 G - a potion of might
 H - a potion of lignification {unknown}
 J - 3 potions of brilliance {unknown}
 V - a potion of degeneration {unknown}
Books
 N - a book of Cantrips

   Spells                             Type                      Level
   a - Confusing Touch                Hexes                        1
   b - Animate Skeleton               Necromancy                   1
   c - Summon Small Mammal            Summoning                    1
   d - Apportation                    Translocation                1
Comestibles
 b - 15 bread rations
 d - 15 fruits
 g - 9 royal jellies
 k - 8 meat rations
 X - 4 chunks of flesh


   Skills:
 + Level 7.8 Fighting
 + Level 7.5 Throwing
 + Level 7.5 Dodging
 * Level 9.7 Shields
 * Level 12.2 Unarmed Combat


You had 10 spell levels left.
You knew the following spells:

 Your Spells              Type           Power        Failure   Level  Hunger
a - Confusing Touch       Hex            #.....       45%         1    ##.....


Dungeon Overview and Level Annotations

Branches:
Dungeon (11/15)            Temple (0/1) D:5            Lair (4/6) D:8
  Swamp (0/4) Lair:2        Snake (0/4) Lair:4          Orc (0/2) D:11

Altars:
Fedhas
Okawaru
Uskayaw
Xom
Yredelemnul
The Shining One

Shops:
D:7 %

Annotations:
Lair:2 exclusion: downstairs
Lair:4 exclusion: 4 oklob plants


Innate Abilities, Weirdness & Mutations

You are too large for most types of armour.
You have claws for hands.
Your metabolism is lightning-fast.
You like to eat raw meat.
Your natural rate of healing is unusually fast.
You are covered in fur. (AC +1)
You have very tough skin. (AC +2)
You have very sharp teeth.
You have sharp toenails.
You are partially covered in iridescent scales. (AC +2)
You tend to lose your temper in combat.
Armour fits poorly on your strangely shaped body.
You are extremely resistant to the effects of hostile enchantments. (MR+++)


Message History

J - 3 brown potions (gained 1)
The oklob plant spits acid at you.
The splash of acid reflects off an invisible shield around you!
Xom thinks this is hilarious!
The splash of acid hits the oklob plant.
The oklob plant completely resists.
The oklob plant spits acid at you. The splash of acid hits you!
You are splashed with acid!
The acid burns!
The oklob plant spits acid at you. The splash of acid hits you!
* * * LOW HITPOINT WARNING * * *
The acid corrodes you!
You are splashed with acid!
The acid burns!
* * * LOW HITPOINT WARNING * * *
Unknown command.
The oklob plant spits acid at you. The splash of acid hits you!
* * * LOW HITPOINT WARNING * * *
You are splashed with acid!
The acid burns!
You die...
Xom chuckles heartily!

....#..#....##.#..
##.<..#........#.#...
#.........P.....#...#
P...P#..........#...
#...##..............
#...##...##....##...
#....#...##....###.#
#...####..#)..######
#######@####......#.#.##
#.P.....................
#P.?.$P...........♣..♣..
#..!(.............♣.♣.♣.
#)$?P.............♣..♣♣.
#?P.(!...........♣.P.♣..
#######.........♣..♣♣.♣.
#.............♣.♣♣♣♣
#..##P#..#.....♣♣ ♣♣


You could see 4 oklob plants.

Vanquished Creatures
  2 hydras
  Erica (Lair:1)
  5 two-headed ogres
  A queen ant (Lair:2)
  The ghost of Sharkie the Caller, a novice BaSu of the Shining One (D:7)
  An unseen horror (D:11)
  A sea snake (D:11)
  An ugly thing (D:11)
  An orc sorcerer (D:11)
  A cyclops (D:11)
  Maurice (D:9)
  Joseph (D:8)
  3 spiny frogs
  A rime drake (Lair:2)
  3 komodo dragons
  2 trolls
  A jumping spider (shapeshifter) (Lair:2)
  6 blink frogs
  A meliai zombie (D:10)
  2 hippogriffs
  A spriggan (D:7)
  5 wraiths (D:11)
  A wyvern (Lair:1)
  18 yaks
  Grum (D:11)
  A hungry ghost (D:11)
  A steam dragon (D:11)
  6 soldier ants
  A swamp worm (Lair:2)
  An acid dragon (D:11)
  8 water moccasins
  4 porcupines
  4 ice beasts
  2 orc warriors
  2 sky beasts
  A black bear (D:8)
  2 eyes of draining
  An ogre (D:8)
  3 phantoms
  3 wolves (D:11)
  6 centaurs
  3 crocodiles
  13 bullfrogs
  2 wyvern zombies
  2 scorpions (D:7)
  3 troll zombies
  7 wights
  6 killer bees (D:10)
  3 howler monkeys
  8 electric eels
  2 crimson imps (D:8)
  3 bullfrog zombies
  5 centaur zombies
  A quasit (D:6)
  7 orc priests
  6 hounds
  A jelly (D:11)
  4 bullfrog skeletons
  12 orc wizards
  2 iguanas
  2 hell rats (Lair:3)
  20 worker ants
  A killer bee zombie (D:6)
  5 ogre zombies
  A hound zombie (D:8)
  A hound skeleton (D:8)
  7 mummies (Ossuary)
  A worker ant zombie (D:6)
  2 howler monkey skeletons
  7 adders
  7 river rats (Lair:3)
  4 shadow imps
  An ooze (D:6)
  An adder skeleton (D:5)
  6 adder zombies
  2 worms
  5 dart slugs
  8 leopard geckos
  36 orcs
  2 ball pythons
  3 giant cockroaches
  6 goblins
  5 hobgoblins
  11 jackals
  2 quokkas
  5 bats
  A frilled lizard (D:4)
  4 goblin zombies
  2 hobgoblin skeletons (D:11)
  4 hobgoblin zombies
  A jackal zombie (D:6)
  7 kobolds
  6 kobold zombies (Ossuary)
  3 orc skeletons (D:11)
  13 orc zombies
  A quokka skeleton (D:6)
  3 quokka zombies
  10 rats
  3 rat zombies (Ossuary)
  A plant (Lair:4)
408 creatures vanquished.

Vanquished Creatures (collateral kills)
  Grinder (D:5)
  A sky beast (D:5)
  A centaur (D:5)
  A howler monkey (D:5)
  An orc priest (D:5)
  A worker ant (Lair:2)
  4 gnolls (D:5)
  2 leopard geckos (D:5)
  2 orcs (D:5)
  A jackal zombie (D:5)
  A leopard gecko skeleton (D:5)
  A fungus (Lair:3)
17 creatures vanquished.

Vanquished Creatures (others)
  2 orcs (D:8)
  A goblin (D:3)
  2 fungi (Lair:3)
  6 plants
11 creatures vanquished.

Grand Total: 436 creatures vanquished

Notes
Turn   | Place    | Note
-------+----------+-------------------------------------------
     0 | D:1      | Jannitor the Troll Chaos Knight began the quest for the Orb.
     0 | D:1      | Reached XP level 1. HP: 22/22 MP: 0/0
    60 | D:1      | XOM: harmless Fire miscast
   155 | D:1      | Reached XP level 2. HP: 24/29 MP: 1/1
   419 | D:1      | XOM: divination: detect items
   554 | D:1      | XOM: divination: magic mapping
   638 | D:2      | XOM: divination: magic mapping
   640 | D:2      | Reached XP level 3. HP: 36/36 MP: 2/2
   782 | D:2      | XOM: harmless Conj miscast
   796 | D:2      | XOM: cloud trail
   838 | D:2      | XOM is BORED!
   838 | D:2      | XOM: medium Conj miscast
   892 | D:2      | XOM: scenery: create altars
  1342 | D:3      | Reached XP level 4. HP: 44/44 MP: 3/3
  1343 | D:3      | Reached skill level 4 in Unarmed Combat
  1738 | D:3      | XOM: give mutations
  1738 | D:3      | Gained mutation: You are partially covered in icy blue scales. (AC +2) [Xom's grace]
  1738 | D:3      | Gained mutation: You possess an exceptional clarity of mind. [Xom's grace]
  1738 | D:3      | Gained mutation: You passively map a small area around you. [Xom's grace]
  1770 | D:3      | Found a basalt altar of Yredelemnul.
  1839 | D:4      | XOM: stealth player
  1923 | D:4      | XOM: cloud trail
  1962 | D:4      | Reached skill level 1 in Shields
  2088 | D:4      | Reached XP level 5. HP: 53/53 MP: 4/4
  2262 | D:4      | Found an iron altar of Okawaru.
  2263 | D:4      | Found a shimmering altar of Xom.
  2309 | D:5      | Entered Level 5 of the Dungeon
  2378 | D:5      | Found a glowing golden altar of the Shining One.
  2405 | D:5      | XOM: cloud trail
  2428 | D:5      | Found a staircase to the Ecumenical Temple.
  2440 | D:5      | Noticed Grinder
  2458 | D:5      | XOM: cast spell 'Summon Dragon'
  2461 | D:5      | Reached skill level 1 in Throwing
  2464 | D:5      | Reached XP level 6. HP: 61/61 MP: 5/5
  2471 | D:5      | Killed Grinder
  2471 | D:5      | Reached skill level 5 in Unarmed Combat
  2476 | D:5      | Noticed a sky beast
  2479 | D:5      | Killed a sky beast
  2495 | D:5      | Gained mutation: You are resistant to hostile enchantments. (MR+) [mutagenic meat]
  2497 | D:5      | Lost mutation: You possess an exceptional clarity of mind. [mutagenic meat]
  2498 | D:5      | Gained mutation: You are weak. (Str -2) [mutagenic meat]
  2500 | D:5      | Gained mutation: You are highly resistant to hostile enchantments. (MR++) [mutagenic meat]
  2689 | D:5      | Reached XP level 7. HP: 62/67 MP: 6/6
  2865 | D:6      | XOM: blink monster(s)
  2867 | D:6      | XOM: polymorph orc -> kobold
  3006 | D:6      | XOM: silly message
  3008 | D:6      | Reached skill level 6 in Unarmed Combat
  3043 | D:6      | Reached XP level 8. HP: 73/78 MP: 7/7
  3199 | D:6      | XOM: harmless Tmut miscast
  3331 | D:6      | XOM: torment (34/78 hp)
  3458 | D:6      | XOM: give mutations
  3458 | D:6      | Gained mutation: You have very sharp teeth. [Xom's mischief]
  3458 | D:6      | Gained mutation: Armour fits poorly on your strangely shaped body. [Xom's mischief]
  3458 | D:6      | Gained mutation: Your magical capacity is low. (-10% MP) [Xom's mischief]
  3458 | D:6      | Lost mutation: You are weak. (Str -2) [Xom's mischief]
  3633 | D:7      | XOM: harmless Ice miscast
  3654 | D:7      | XOM: mild Summ miscast
  3699 | D:7      | Noticed Sharkie's ghost (novice BaSu)
  3701 | D:7      | XOM: blink monster(s)
  3704 | D:7      | XOM: confusion
  3705 | D:7      | XOM: confuse monster(s)
  3706 | D:7      | XOM: scenery: create altars
  3710 | D:7      | XOM: noise
  3712 | D:7      | XOM: harmless Erth miscast
  3713 | D:7      | XOM: harmless Fire miscast
  3721 | D:7      | Killed Sharkie's ghost
  3721 | D:7      | Reached skill level 7 in Unarmed Combat
  3758 | D:7      | XOM: harmless Ice miscast
  3948 | D:7      | Reached skill level 5 in Shields
  3948 | D:7      | Reached XP level 9. HP: 85/85 MP: 7/7
  4135 | D:7      | XOM: harmless Necr miscast
  4309 | D:7      | XOM: 4-stop teleportation journey
  4598 | D:7      | Found Waxkiycyg's Food Boutique.
  4691 | D:7      | XOM: blink monster(s)
  4837 | D:7      | XOM: medium Erth miscast
  4889 | D:8      | XOM: confuse monster(s)
  4891 | D:8      | XOM: confuse monster(s)
  4936 | D:8      | Reached skill level 8 in Unarmed Combat
  4942 | D:8      | Reached skill level 5 in Fighting
  4962 | D:8      | Noticed a two-headed ogre
  4973 | D:8      | XOM: potion effect (invisibility)
  4979 | D:8      | XOM: divination: detect items
  4980 | D:8      | Killed a two-headed ogre
  4992 | D:8      | Reached skill level 5 in Dodging
  4999 | D:8      | HP: 2/88 [electric eel/bolt of electricity (13)]
  5047 | D:8      | XOM: mild Air miscast
  5128 | D:8      | Found a sand-covered staircase.
  5194 | Ossuary  | Entered an ossuary
  5300 | Ossuary  | Reached XP level 10. HP: 79/96 MP: 8/8
  5537 | Ossuary  | XOM: harmless Erth miscast
  5578 | Ossuary  | Lost mutation: You are highly resistant to hostile enchantments. (MR++) [potion of mutation]
  5578 | Ossuary  | Lost mutation: Your magical capacity is low. (-10% MP) [potion of mutation]
  5578 | Ossuary  | Lost mutation: You passively map a small area around you. [potion of mutation]
  5578 | Ossuary  | Gained mutation: You have an increased reservoir of magic. (+10% MP) [potion of mutation]
  5578 | Ossuary  | Lost mutation: You have an increased reservoir of magic. (+10% MP) [potion of mutation]
  5578 | Ossuary  | Gained mutation: You are frail. (-10% HP) [potion of mutation]
  5578 | Ossuary  | Gained mutation: You have sharp toenails. [potion of mutation]
  5733 | D:8      | Found a blossoming altar of Fedhas.
  5798 | D:8      | XOM: confuse monster(s)
  5867 | D:8      | Noticed Joseph
  5872 | D:8      | XOM: summons 3 friendly demons
  5879 | D:8      | Killed Joseph
  5879 | D:8      | Reached skill level 9 in Unarmed Combat
  6042 | D:8      | Found a staircase to the Lair.
  6070 | D:8      | XOM: give mutations
  6070 | D:8      | Gained mutation: You are somewhat resistant to further mutation. [Xom's grace]
  6070 | D:8      | Gained mutation: You passively map a small area around you. [Xom's grace]
  6070 | D:8      | Gained mutation: You are highly resistant to hostile enchantments. (MR++) [Xom's grace]
  6180 | D:8      | Noticed a two-headed ogre
  6187 | D:8      | XOM: confuse monster(s)
  6194 | D:8      | Found a hide-covered altar of Uskayaw.
  6202 | D:8      | Killed a two-headed ogre
  6214 | D:8      | Reached skill level 5 in Throwing
  6327 | D:8      | XOM: fog
  6424 | D:9      | XOM: 7-stop teleportation journey
  6432 | D:9      | Noticed a two-headed ogre
  6435 | D:9      | XOM: 7-stop teleportation journey
  6445 | D:9      | Noticed Maurice
  6448 | D:9      | XOM: cast spell 'Metabolic Englaciation'
  6449 | D:9      | XOM: confuse monster(s)
  6458 | D:9      | Killed a two-headed ogre
  6531 | D:9      | Killed Maurice
  6639 | D:9      | Reached XP level 11. HP: 65/94 MP: 10/10
  6639 | D:9      | XOM: noise
  7341 | D:10     | Entered Level 10 of the Dungeon
  7460 | D:10     | Reached skill level 10 in Unarmed Combat
  7531 | D:10     | Noticed a two-headed ogre
  7541 | D:10     | Killed a two-headed ogre
  7572 | D:10     | XOM: harmless Chrm miscast
  8092 | D:10     | Noticed a two-headed ogre
  8102 | D:10     | Killed a two-headed ogre
  8392 | D:11     | XOM: stat loss: -1 Str (21/22)
  8426 | D:11     | Killed an unseen horror
  8570 | D:11     | XOM: cleaving
  8610 | D:11     | Noticed Grum
  8625 | D:11     | Killed Grum
  8692 | D:11     | XOM: cleaving
  8731 | D:11     | Found a staircase to the Orcish Mines.
  8893 | D:11     | Noticed Josephine
  8893 | D:11     | Noticed Josephine
  8893 | D:11     | Josephine changed into Josephine the sea snake
  8893 | D:11     | XOM: polymorph Josephine -> Josephine the sea snake
  8900 | D:11     | XOM: fog
  8904 | D:11     | Killed Josephine the sea snake
  8915 | D:11     | XOM: enchant monster (good)
  8917 | D:11     | Reached skill level 11 in Unarmed Combat
  9054 | D:11     | XOM: scenery: create altars
  9085 | D:11     | Noticed a red ugly thing
  9096 | D:11     | XOM: cleaving
  9103 | D:11     | Killed a cyan ugly thing
  9103 | D:11     | Reached XP level 12. HP: 20/106 MP: 11/11
  9236 | D:11     | XOM: cloud trail
  9288 | D:11     | XOM: scenery: create altars
  9494 | D:11     | XOM: cloud trail
  9632 | Lair:1   | Entered Level 1 of the Lair of Beasts
  9693 | Lair:1   | XOM: cast spell 'Disjunction'
  9699 | Lair:1   | XOM: enchant monster (good)
  9712 | Lair:1   | XOM: scenery: create altars
  9714 | Lair:1   | XOM: enchant monster (good)
  9754 | Lair:1   | XOM: scenery: create altars
  9781 | Lair:1   | Noticed Erica
  9808 | Lair:1   | XOM: confusion
  9812 | Lair:1   | XOM: summons friendly crimson imp
  9817 | Lair:1   | Killed Erica
 10033 | Lair:1   | XOM: medium Chrm miscast
 10249 | Lair:1   | XOM: harmless Pois miscast
 10369 | Lair:1   | XOM: give mutations
 10369 | Lair:1   | Lost mutation: You are somewhat resistant to further mutation. [Xom's mischief]
 10369 | Lair:1   | Lost mutation: Armour fits poorly on your strangely shaped body. [Xom's mischief]
 10730 | Lair:1   | XOM: harmless Tmut miscast
 10923 | Lair:2   | XOM: enchant monster (bad)
 10948 | Lair:2   | Noticed a queen ant
 10952 | Lair:2   | XOM: swap monsters
 10954 | Lair:2   | XOM: mild Tloc miscast
 11018 | Lair:3   | XOM: harmless Ice miscast
 11022 | Lair:3   | XOM: swap monsters
 11235 | Lair:2   | Killed a queen ant
 11414 | Lair:2   | Noticed a five-headed hydra
 11417 | Lair:2   | XOM: confuse monster(s)
 11421 | Lair:2   | Killed a five-headed hydra
 11443 | Lair:2   | Learned a level 1 spell: Confusing Touch
 11579 | Lair:2   | XOM: god gift: 1790 gold pieces
 11634 | Lair:2   | XOM: scenery: create altars
 11910 | Lair:2   | Found a staircase to the Swamp.
 11966 | Lair:2   | XOM: scenery: create altars
 11972 | Lair:2   | XOM: polymorph yak -> hog
 11973 | Lair:2   | XOM: fog
 11976 | Lair:2   | XOM: god gift: troll leather armour {god gift}
 11983 | Lair:2   | XOM: summons friendly quasit
 11993 | Lair:2   | Gained mutation: You are partially covered in iridescent scales. (AC +2) [mutagenic meat]
 11994 | Lair:2   | Gained mutation: You tend to lose your temper in combat. [mutagenic meat]
 11996 | Lair:2   | Lost mutation: You are frail. (-10% HP) [mutagenic meat]
 12176 | Lair:3   | Noticed an eight-headed hydra
 12321 | Lair:2   | XOM: harmless Necr miscast
 12430 | Lair:3   | XOM: swap monsters
 12434 | Lair:3   | Reached skill level 12 in Unarmed Combat
 12487 | Lair:3   | XOM: potion effect (agility)
 12491 | Lair:3   | XOM: summons 9 friendly demons
 12606 | Lair:3   | Killed a nine-headed hydra
 12651 | Lair:3   | XOM: noise
 13121 | Lair:4   | Found a staircase to the Snake Pit.
 13514 | Lair:4   | XOM: give mutations
 13514 | Lair:4   | Lost mutation: You passively map a small area around you. [Xom's mischief]
 13514 | Lair:4   | Gained mutation: Armour fits poorly on your strangely shaped body. [Xom's mischief]
 13514 | Lair:4   | Gained mutation: You are extremely resistant to the effects of hostile enchantments. (MR+++) [Xom's mischief]
 13514 | Lair:4   | Lost mutation: You are partially covered in icy blue scales. (AC +2) [Xom's mischief]
 13593 | Lair:4   | XOM: 8-stop teleportation journey
 13724 | Lair:4   | XOM: noise
 13732 | Lair:4   | XOM: mild Pois miscast
 13738 | Lair:4   | HP: 4/119 [oklob plant/splash of acid (14)]
 13738 | Lair:4   | Splashed by an oklob plant's acid

Skill      XL: |  1  2  3  4  5  6  7  8  9 10 11 12 |
---------------+-------------------------------------+-----
Dodging        | 2 3 4 5 6 7 |  7.5
Unarmed Combat | 4 5 6 7 8 9 11 12 | 12.2
Fighting       | 3 4 5 6 7 |  7.8
Shields        | 1 2 3 5 6 7 8 9 |  9.7
Throwing       | 1 2 3 4 5 6 7 |  7.5

Action                   |  1- 3 |  4- 6 |  7- 9 | 10-12 || total
-------------------------+-------+-------+-------+-------++-------
Melee: Unarmed           |   108 |    93 |   346 |   799 ||  1346
       Punch             |     1 |       |       |       ||     1
       Bite              |       |       |    27 |    91 ||   118
       Kick              |       |       |       |   257 ||   257
Throw: Javelin           |       |       |       |     7 ||     7
       Large rock        |       |       |       |     5 ||     5
  Use: Scroll            |       |     3 |     6 |     4 ||    13
       Potion            |       |       |     2 |    14 ||    16
 Stab: Sleeping          |     2 |       |     1 |     1 ||     4
       Confused          |       |       |     2 |     3 ||     5
       Invisible         |       |       |     5 |     1 ||     6
       Distracted        |       |       |       |     3 ||     3
  Eat: Chunk             |    18 |    17 |    16 |    88 ||   139
       Bread ration      |       |       |       |     4 ||     4
Armor: Robe              |    46 |    33 |    94 |   105 ||   278
       Troll leather arm |       |       |       |    22 ||    22
Dodge: Dodged            |    59 |    12 |    89 |   241 ||   401
Block: Shield            |    16 |    51 |   195 |   416 ||   678
       Reflection        |       |     3 |     4 |     5 ||    12
